 Dungeon Crawl Stone Soup version 0.18.1-6-gd335043 (webtiles) character file.

5269 M4edhros the Cruncher (level 10, -7/70 HPs)
             Began as a Formicid Fighter on May 16, 2016.
             Was a Priest of Qazlal.
             Mangled by an ice beast (14 damage)
             ... on level 9 of the Dungeon.
             The game lasted 00:08:44 (7139 turns).

M4edhros the Cruncher (Formicid Fighter)            Turns: 7139, Time: 00:08:45

Health: -7/70      AC:  7    Str: 25    XL:     10   Next: 94%
Magic:  10/10      EV: 12    Int: 14    God:    Qazlal [***...]
Gold:   324        SH: 20    Dex: 13    Spells: 0 memorised, 9 levels left

rFire  + + +     SeeInvis +     H - +7 quarterstaff of the Ancient Seas {distort, rF+}
rCold  . . .     Gourm    .     g - +2 robe {rF+}
rNeg   . . .     Faith    .     c - +0 shield
rPois  .         Spirit   .     (helmet unavailable)
rElec  .         Dismiss  .     n - +2 cloak
rCorr  .         Reflect  +     (no gloves)
SustAt .         Harm     .     i - +0 pair of boots
MR     +....                    s - +6 amulet of reflection
Stlth  +.........               k - +6 ring of intelligence
                                x - +3 ring of evasion

@: manticore barbs, somewhat resistant to hostile enchantments, very unstealthy
A: permanent stasis, dig shafts and tunnels, four strong arms, antennae 3,
blurry vision 1, deformed body, fire resistance 1, strong 2
a: Dig, Shaft Self, Upheaval, Elemental Force, Renounce Religion


You were on level 9 of the Dungeon.
You worshipped Qazlal.
Qazlal was most pleased with you.
You were not hungry.

You visited 1 branch of the dungeon, and saw 9 of its levels.

You collected 324 gold pieces.

Inventory:

Hand Weapons
 a - a +0 trident
 d - a +1 scythe of slicing
 p - a +0 flail of protection
 H - the +7 quarterstaff of the Ancient Seas (weapon) {distort, rF+}
   (You found it on level 6 of the Dungeon)

   It warps and distorts space around it.
   Unwielding it can cause banishment or high damage.
   It protects you from fire.
 N - the cursed +2 whip "Impbane" {drain, *Drain rN++, unknown}
   (You found it on level 8 of the Dungeon)

   A truly terrible weapon, it drains the life of those it strikes.
   It greatly protects you from negative energy.
   It causes draining when unequipped.
   It has a curse placed upon it.
Armour
 b - a +0 scale mail
 c - a +0 shield (worn)
 g - a +2 robe of fire resistance (worn)
 i - a +0 pair of boots (worn)
 n - a +2 cloak (worn)
Jewellery
 k - a +6 ring of intelligence (right hand)
 s - a +6 amulet of reflection (around neck)
 x - a +3 ring of evasion (left hand)
 y - an uncursed ring of protection from fire
 z - an uncursed amulet of regeneration {unknown}
Wands
 w - a wand of iceblast (7/15)
 C - a wand of flame (15/48)
 I - a wand of iceblast (6/15)
 K - a wand of lightning (0/15)
 L - a wand of disintegration (8/24)
 M - a wand of iceblast (5/15)
Scrolls
 e - 4 scrolls of immolation {unknown}
 h - 7 scrolls of teleportation {unknown}
 j - 2 scrolls of amnesia {unknown}
 l - 2 scrolls of enchant weapon {unknown}
 m - a scroll of magic mapping {unknown}
 o - 3 scrolls of identify {unknown}
 q - a scroll of random uselessness {unknown}
 r - 4 scrolls of remove curse {unknown}
 u - 3 scrolls of enchant armour {unknown}
 A - 2 scrolls of recharging {unknown}
 G - a scroll of noise {unknown}
Potions
 B - a potion of flight {unknown}
 D - 2 potions of ambrosia {unknown}
 E - 3 potions of heal wounds {unknown}
 Q - a potion of cure mutation {unknown}
Books
 O - a book of Callings

   Spells                             Type                      Level
   a - Summon Small Mammal            Summoning                    1
   b - Call Imp                       Summoning                    2
   c - Call Canine Familiar           Summoning                    3
   d - Summon Guardian Golem          Hexes/Summoning              3
   e - Summon Lightning Spire         Summoning/Air                4
   f - Summon Ice Beast               Ice/Summoning                4
Comestibles
 f - 5 bread rations
 t - 2 beef jerkies
 v - 5 meat rations
 F - 20 fruits
 P - a chunk of flesh


   Skills:
 - Level 3.2 Fighting
 - Level 10.7(12.5) Polearms
 + Level 11.1(12.7) Staves
 - Level 3.2 Armour
 - Level 3.6 Shields


You had 9 spell levels left.
You didn't know any spells.

Dungeon Overview and Level Annotations

Branches:
Dungeon (9/15)             Temple (0/1) D:4
   Lair: D:8-11         Orc: D:9-12

Altars:
Dithmenos
Elyvilon
Fedhas
Kikubaaqudgha
Nemelex Xobeh
Okawaru
Pakellas
Qazlal
Ru
Trog
Xom
Yredelemnul

Shops:
D:7 =

Annotations:
Abyss:1 Duvessa


Innate Abilities, Weirdness & Mutations

You are under a permanent stasis effect.
You can dig through walls and to a lower floor.
Your four strong arms can wield two-handed weapons with a shield.
You have a pair of large antennae on your head (SInv).
Scrolls take you a little longer to read.
Armour fits poorly on your strangely shaped body.
Your flesh is heat resistant.
Your muscles are very strong. (Str +4)


Message History

The manticore claws you but does no damage.
Evoke which item? (* to show all) (? for menu, Esc to quit)
Okay, then.
You barely miss the manticore.
The manticore is almost dead.
You block the manticore's attack. The manticore claws you!
* * * LOW HITPOINT WARNING * * *
You block the manticore's attack.
You hit the manticore but do no damage.
Space bends around the manticore.
You kill the manticore!
Qazlal accepts your kill.
Your base Staves skill increases to level 11!
Your shield prevents you from hitting the ice beast.
The ice beast is lightly wounded.
You sock the ice beast!
Space bends around the ice beast.
The ice beast is almost dead.
The ice beast hits you.
* * * LOW HITPOINT WARNING * * *
The ice beast freezes you!
You die...

. .#.........#..# #........#
#Z ......#...#.# #........#
#.###...###....# #........#
.#......##[.....####........#
S..........#.......#........#
###O§o..####.......#........#
....{#..####.......#........#
....{#.....####Y####....%...#
....{#..##.# #.@###........#
####.{S###{# ##...†)........#
###.###.###..........#####
##Z..##......#####.###
##.H...)[.....#.....#
###.§...###.......# ###
.....<§.........###
........###.....# #####...#
#######


You could see an ice beast.

Vanquished Creatures
  A manticore (D:9)
  Grinder (D:3)
  2 two-headed ogres
  Prince Ribbit (D:8)
  Sigmund (D:4)
  Grum (D:8)
  Menkaure (D:7)
  A water moccasin (D:9)
  3 orc warriors
  3 sky beasts
  A black bear (D:9)
  A wasp (D:9)
  2 ogres
  A wolf (D:8)
  2 centaurs (D:8)
  Blork the orc (D:4)
  A big kobold (D:8)
  A giant frog (D:6)
  2 scorpions
  Dowan (D:7)
  5 killer bees (D:7)
  A howler monkey (D:5)
  5 crimson imps
  2 jellies
  3 giant frog skeletons
  3 hounds
  8 orc wizards
  3 orc priests
  Crazy Yiuf (D:7)
  A centaur skeleton (D:5)
  Jessica (D:2)
  Natasha (twice) (D:2)
  Terence (D:2)
  2 iguanas (D:8)
  6 worker ants
  A hound zombie (D:5)
  2 hound skeletons (D:5)
  Robin (D:3)
  A howler monkey zombie (D:6)
  11 adders
  12 gnolls
  4 shadow imps
  An ooze (D:4)
  An adder skeleton (D:6)
  A worm (D:5)
  13 dart slugs
  2 giant geckos
  23 orcs
  6 ball pythons
  5 giant cockroaches
  17 goblins
  12 hobgoblins
  10 jackals
  4 quokkas
  6 bats
  4 giant newts
  3 jackal skeletons
  7 kobolds
  10 rats
229 creatures vanquished.

Vanquished Creatures (others)
  A wolf (D:8)
  A gnoll sergeant (D:6)
  A scorpion (D:8)
  A centaur zombie (D:9)
  A quasit (D:8)
  An iguana (D:8)
6 creatures vanquished.

Grand Total: 235 creatures vanquished

Notes
Turn   | Place    | Note
--------------------------------------------------------------
     0 | D:1      | M4edhros the Formicid Fighter began the quest for the Orb.
     0 | D:1      | Reached XP level 1. HP: 18/18 MP: 1/1
   126 | D:1      | Reached XP level 2. HP: 24/24 MP: 2/2
   378 | D:1      | Reached XP level 3. HP: 29/29 MP: 3/3
   762 | D:3      | Noticed Grinder
   777 | D:3      | Reached XP level 4. HP: 30/35 MP: 4/4
   791 | D:3      | Killed Grinder
   791 | D:3      | Reached XP level 5. HP: 41/41 MP: 5/5
   791 | D:3      | Reached XP level 6. HP: 47/47 MP: 6/6
   801 | D:3      | Found an oddly glowing altar of Pakellas.
   804 | D:3      | Found a blossoming altar of Fedhas.
   807 | D:3      | Found a white marble altar of Elyvilon.
  1181 | D:4      | Noticed Sigmund
  1358 | D:4      | Killed Sigmund
  1358 | D:4      | Reached XP level 7. HP: 51/52 MP: 7/7
  1562 | D:3      | Found a basalt altar of Yredelemnul.
  1578 | D:3      | Noticed Robin
  1678 | D:3      | Killed Robin
  1744 | D:3      | Found a stormy altar of Qazlal.
  1808 | D:3      | Became a worshipper of Qazlal Stormbringer
  1940 | D:2      | Noticed Natasha
  2017 | D:2      | Killed Natasha
  2018 | D:2      | Noticed Terence
  2025 | D:2      | Killed Terence
  2186 | D:2      | Found a bloodstained altar of Trog.
  2221 | D:2      | Noticed Jessica
  2226 | D:2      | Killed Jessica
  2272 | D:2      | Noticed Natasha
  2311 | D:2      | Killed Natasha
  2687 | D:3      | Found a sparkling altar of Nemelex Xobeh.
  2988 | D:4      | Found an iron altar of Okawaru.
  3091 | D:4      | Reached XP level 8. HP: 51/58 MP: 8/8
  3162 | D:4      | Found an ancient bone altar of Kikubaaqudgha.
  3173 | D:4      | Noticed Blork the orc
  3175 | D:4      | Reached * piety under Qazlal
  3190 | D:4      | Killed Blork the orc
  3400 | D:4      | Found a staircase to the Ecumenical Temple.
  3688 | D:5      | Entered Level 5 of the Dungeon
  4317 | D:5      | Found an iron altar of Okawaru.
  4349 | D:5      | Reached skill level 10 in Polearms
  4655 | D:6      | Reached ** piety under Qazlal
  4791 | D:6      | Reached XP level 9. HP: 48/64 MP: 9/9
  5030 | D:6      | Got a jewelled quarterstaff
  5031 | D:6      | Identified the +7 quarterstaff of the Ancient Seas {distort, rF+} (You found it on level 6 of the Dungeon)
  5042 | D:6      | Reached skill level 1 in Staves
  5106 | D:6      | Reached skill level 2 in Staves
  5151 | D:6      | Reached skill level 3 in Staves
  5417 | D:7      | Reached skill level 4 in Staves
  5464 | D:7      | Found a shimmering altar of Xom.
  5465 | D:7      | Found a shimmering altar of Xom.
  5465 | D:7      | Found a shimmering altar of Xom.
  5466 | D:7      | Found a shimmering altar of Xom.
  5466 | D:7      | Found a shimmering altar of Xom.
  5467 | D:7      | Found a shimmering altar of Xom.
  5467 | D:7      | Found a shimmering altar of Xom.
  5509 | D:7      | Found a shadowy altar of Dithmenos.
  5540 | D:7      | Noticed Menkaure
  5542 | D:7      | Found Ymaet's Jewellery Shop.
  5546 | D:7      | Killed Menkaure
  5546 | D:7      | Reached skill level 5 in Staves
  5556 | D:7      | Noticed Duvessa
  5557 | D:7      | Noticed Dowan
  5566 | D:7      | Killed Dowan
  5617 | D:7      | Noticed Crazy Yiuf
  5625 | D:7      | Killed Crazy Yiuf
  5791 | D:7      | Banished Duvessa
  5904 | D:8      | Reached skill level 6 in Staves
  5920 | D:8      | Found a sacrificial altar of Ru.
  6089 | D:8      | Reached *** piety under Qazlal
  6090 | D:8      | Found a blossoming altar of Fedhas.
  6203 | D:8      | Reached skill level 7 in Staves
  6248 | D:8      | Reached XP level 10. HP: 70/70 MP: 10/10
  6268 | D:8      | Gained mutation: Your muscles are strong. (Str +2) [mutagenic meat]
  6269 | D:8      | Gained mutation: Armour fits poorly on your strangely shaped body. [mutagenic meat]
  6270 | D:8      | Gained mutation: Scrolls take you a little longer to read. [mutagenic meat]
  6271 | D:8      | Gained mutation: Your muscles are very strong. (Str +4) [mutagenic meat]
  6273 | D:8      | Gained mutation: Your flesh is heat resistant. [mutagenic meat]
  6371 | D:8      | Noticed Grum
  6380 | D:8      | Killed Grum
  6380 | D:8      | Reached skill level 8 in Staves
  6492 | D:8      | Reached skill level 9 in Staves
  6669 | D:8      | Noticed Prince Ribbit
  6686 | D:8      | Killed Prince Ribbit
  6691 | D:8      | Got an iridescent whip
  6852 | D:9      | Noticed a manticore
  6971 | D:8      | Reached skill level 10 in Staves
  7137 | D:9      | Killed a manticore
  7137 | D:9      | Reached skill level 11 in Staves
  7139 | D:9      | Mangled by an ice beast

Skill      XL: |  1  2  3  4  5  6  7  8  9 10 |
---------------+-------------------------------+-----
Polearms       | 3 4 6 7 8 10 | 10.7
Staves         | 7 11 | 11.1
Fighting       | |  3.2
Armour         | |  3.2
Shields        | |  3.6

Action                   |  1- 3 |  4- 6 |  7- 9 | 10-12 || total
-------------------------+-------+-------+-------+-------++-------
Melee: Trident           |    83 |    45 |       |       ||   128
       Scythe            |       |       |   333 |       ||   333
       Quarterstaff      |       |       |   122 |   117 ||   239
Evoke: Wand              |       |       |       |     2 ||     2
  Use: Potion            |     1 |     2 |     1 |     1 ||     5
 Stab: Invisible         |       |       |     1 |       ||     1
  Eat: Chunk             |       |       |    18 |     9 ||    27
Armor: Scale mail        |    21 |    15 |       |       ||    36
       Robe              |       |       |   115 |    10 ||   125
Dodge: Dodged            |    15 |     5 |   144 |    23 ||   187
Block: Shield            |    29 |    11 |   298 |    94 ||   432
       Reflection        |       |       |     3 |     2 ||     5
